cohdb
Replays
Latest Replays
All Replays
Popular Replays
Top Player Replays
Match Explorer
How It Works
Community
CoH3 Stats
Reddit
Sign in to upload your games and track your stats! →
Sign in with Steam
Match 44169280
Unlisted
Match 44169280
Overview
Messages
Build Orders
End
Royal Engineer Section
Construct Section Command Post
Dingo Light Scout Car
Infantry Section
Infantry Section
Construct Platoon Command Post
Unlock Bishop Self-propelled Artillery
Grenade Package
6-pounder Anti-tank Gun Team
Bishop Self-propelled Artillery
CMP 15cwt Truck
Infantry Section
Light Vehicle Training
Bishop Self-propelled Artillery
Infantry Training
Infantry Section
Selects Heavy Armor Battlegroup
Selects Light Vehicle Withdraw and Refit
Selects Radio Net
Selects Designate Targets
Infantry Section
Selects Rigorous Vehicle Training
Selects Forward Repair Assembly
Infantry Section
Designate Targets
Designate Targets
Bish Bash Bosh
🅲🅾🅾🅺🅴🅳
Mace
Humbarwhy
Dr. Livesey
Methiebe
Cute P$ssy
CAPTAIN STRONG
0
0
Comments
sign in to comment!
No comments posted yet!